AoeStats
← 布丁

Highland

504889912Analyzed
4v4 RM · 26d ago on Sep 6, 2026· 53m 49s· 8 players
Game mode
Random Map
Map size
Large (8 player)
Population
200
Speed
Normal
Resources
Standard
Victory
Conquest
Starting age
Dark Age
Ending age
Imperial Age
RankedLock teamsTeams togetherTeam positionsShared explorationLock speedFull tech treeHidden civsTurbo modeCheats
Victory
Defeat
🇵🇪 Bulgarians · Peru
872
+13
🇵🇪 Italians · Peru
858
+14
🇵🇪 Slavs · Peru
844
+14
🇵🇪 Franks · Peru
838
+15
🇲🇽 Berbers · Mexico
844
-15
🇹🇼 Goths · Taiwan
826
-36
🇲🇽 Bohemians · Mexico
804
-14
🇨🇦 Japanese · Canada
770
-12
MANlGOLDO
12:37 Feudal Age
14:05 Loom
19:16 Castle Age
18:29 Stone Mining
18:27 Double-Bit Axe
18:39 Gold Mining
20:43 Wheelbarrow
27:01 Bow Saw
30:58 Imperial Age
28:14 Horse Collar
28:28 Demolition Ship
30:11 Gold Shaft Mining
30:29 Medium Warships
30:35 Fortified Wall
31:15 Heavy Plow
32:48 Chemistry
32:25 Conscription
32:45 Bloodlines
32:43 Fletching
33:43 Bodkin Arrow
34:21 Ballistics
35:04 Padded Archer Armor
36:04 Husbandry
36:40 Elite Cannon Galleon
36:56 Capped Ram
38:18 Bracer
38:43 Clinker Construction
40:22 Siege Engineers
41:21 Elite Camel Archer
42:25 Leather Archer Armor
42:20 Thumb Ring
45:22 Masonry
45:33 Hand Cart
50:22 Ring Archer Armor
52:33 Caravan
richi_maron_90
7:52 Loom
14:31 Feudal Age
20:32 Castle Age
19:55 Wheelbarrow
20:54 Double-Bit Axe
24:16 Hand Cart
26:56 Chemistry
33:10 Imperial Age
34:53 Bow Saw
35:45 Conscription
38:25 Two-Man Saw
36:51 Elite Hussite Wagon
36:56 Houfnice
38:03 Horse Collar
40:13 Scale Mail Armor
40:19 Scale Barding Armor
40:24 Forging
40:05 Fletching
40:15 Padded Archer Armor
39:47 Pikeman
40:27 Squires
40:13 Arson
42:06 Heavy Plow
42:12 Halberdier
42:14 Man-at-Arms
43:22 Light Cavalry
44:02 Husbandry
44:38 Bombard Tower
44:39 Ballistics
43:59 Treadmill Crane
44:15 Murder Holes
44:31 Fortified Wall
nacerus
15:21 Feudal Age
16:22 Fishing Lines
17:34 Wheelbarrow
19:04 Castle Age
17:01 Stone Mining
18:01 Double-Bit Axe
18:25 Horse Collar
19:28 Wheelbarrow
18:40 Town Watch
19:37 Gillnets
21:26 Heavy Plow
21:29 Town Patrol
21:43 Town Patrol
21:59 Bow Saw
23:51 Hand Cart
30:36 Imperial Age
31:59 Gold Mining
33:19 Gold Shaft Mining
35:24 Chemistry
36:36 Two-Man Saw
37:01 Squires
36:22 Pikeman
39:35 Forging
39:26 Scale Mail Armor
38:48 Halberdier
41:29 Iron Casting
44:59 Blast Furnace
44:15 Chain Mail Armor
布丁
1:39 Loom
14:12 Feudal Age
15:46 Wheelbarrow
18:34 Castle Age
17:06 Double-Bit Axe
17:33 Horse Collar
18:40 Stone Mining
19:32 Hand Cart
27:58 Heavy Plow
28:12 Bow Saw
29:09 Town Watch
30:05 Pikeman
31:08 Gold Mining
35:13 Imperial Age
33:33 Squires
35:31 Stone Shaft Mining
35:32 Anarchy
36:20 Caravan
35:49 Halberdier
36:37 Scale Mail Armor
36:48 Forging
36:28 Fletching
37:45 Chemistry
38:22 Chain Mail Armor
39:39 Perfusion
41:12 Iron Casting
40:33 Bodkin Arrow
43:34 Blast Furnace
44:04 Heavy Scorpion
45:36 Bracer
45:43 Scale Barding Armor
45:38 Padded Archer Armor
Nikolai Stavrogin
0:52 Loom
12:39 Feudal Age
13:18 Double-Bit Axe
13:35 Horse Collar
21:35 Castle Age
20:09 Gold Mining
20:12 Stone Mining
22:33 Bow Saw
22:25 Heavy Plow
25:21 Wheelbarrow
25:56 Bloodlines
25:46 Husbandry
26:43 Hand Cart
31:55 Imperial Age
30:06 Scale Barding Armor
30:12 Forging
30:25 Town Watch
31:11 Masonry
31:22 Ballistics
31:52 Gold Shaft Mining
31:56 Stone Shaft Mining
32:32 Squires
32:17 Arson
32:18 Gambesons
32:42 Town Patrol
32:55 Heated Shot
33:46 Caravan
35:35 Architecture
36:32 Crop Rotation
36:29 Conscription
36:05 Stirrups
37:24 Elite Konnik
38:15 Siege Engineers
39:00 Chain Barding Armor
39:16 Iron Casting
39:26 Murder Holes
40:33 Blast Furnace
40:08 Plate Barding Armor
41:16 Scale Mail Armor
41:04 Capped Ram
42:05 Siege Ram
44:33 Chemistry
43:51 Chain Mail Armor
44:47 Plate Mail Armor
Fenstermacher
0:52 Loom
11:47 Feudal Age
12:30 Double-Bit Axe
13:41 Gold Mining
13:59 Stone Mining
23:19 Castle Age
26:28 Bow Saw
27:16 Forging
27:13 Scale Barding Armor
30:00 Imperial Age
28:09 Wheelbarrow
27:20 Town Watch
29:47 Husbandry
31:11 Gold Shaft Mining
32:06 Hand Cart
35:07 Iron Casting
35:42 Fortified Wall
34:58 Cavalier
37:06 Conscription
37:24 Hoardings
36:57 Scale Barding Armor
37:23 Caravan
37:59 Pikeman
40:56 Chemistry
40:17 Ballistics
40:09 Masonry
39:57 Murder Holes
39:58 Paladin
41:42 Chivalry
45:12 Heavy Scorpion
48:39 Blast Furnace
48:00 Chain Barding Armor
52:55 Plate Barding Armor
Kawahara Sama
1:39 Loom
17:19 Feudal Age
26:49 Castle Age
24:42 Horse Collar
24:48 Double-Bit Axe
24:58 Stone Mining
25:42 Gold Mining
27:18 Fletching
27:42 Bow Saw
27:34 Heavy Plow
29:20 Gold Shaft Mining
31:21 Bodkin Arrow
34:55 Imperial Age
33:29 Wheelbarrow
33:29 Fortified Wall
36:31 Conscription
36:28 Detinets
38:08 Caravan
44:54 Hand Cart
46:31 Two-Man Saw
46:17 Crop Rotation
47:23 Elite Boyar
49:00 Hoardings
52:17 Scale Barding Armor
52:23 Forging
El Antichileno
12:16 Feudal Age
13:58 Double-Bit Axe
26:38 Castle Age
30:08 Heated Shot
33:57 Imperial Age
32:37 Silk Road
33:14 Ballistics
34:35 Fortified Wall
35:06 Pirotechnia
36:16 Conscription
37:20 Caravan
38:28 Chemistry
Connection lost

Rejoining the realm…

Still unreachable

The connection could not be restored.

Session expired

The server has moved on; the page needs a fresh start.